AoeStats
← Privilege

Arena

506860881Analyzed
4v4 RM · 16d ago on Sep 15, 2026· 34m 31s· 8 players
Game mode
Random Map
Map size
Large (8 player)
Population
200
Speed
Normal
Resources
Standard
Victory
Conquest
Starting age
Dark Age
Ending age
Imperial Age
RankedLock teamsTeams togetherTeam positionsShared explorationLock speedFull tech treeHidden civsTurbo modeCheats
Victory
Defeat
🇨🇳 Khmer · China
1554
+14
🇨🇳 Portuguese · China
1433
+19
1413
+20
🇨🇳 Spanish · China
1388
+20
🇨🇳 Franks · China
1619
-23
🇨🇳 Cumans · China
1530
-20
🇨🇳 Turks · China
1480
-18
🇮🇳 Byzantines · India
1348
-12
青子
10:42 Feudal Age
11:33 Double-Bit Axe
14:30 Castle Age
12:54 Horse Collar
16:23 Bow Saw
17:07 Wheelbarrow
17:05 Padded Archer Armor
18:28 Loom
24:33 Padded Archer Armor
25:36 Town Watch
27:57 Gold Mining
32:01 Imperial Age
29:55 Stone Mining
33:10 Hand Cart
33:19 Fletching
34:16 Conscription
SaKuRuaba Ema
8:29 Feudal Age
9:25 Double-Bit Axe
9:22 Horse Collar
15:07 Wheelbarrow
19:34 Castle Age
18:03 Stone Mining
18:49 Gold Mining
18:52 Fletching
19:03 Padded Archer Armor
20:04 Bloodlines
20:34 Bow Saw
20:24 Heavy Plow
20:47 Hand Cart
22:50 Bodkin Arrow
23:10 Leather Archer Armor
23:58 Leather Archer Armor
24:48 Loom
24:49 Town Watch
27:08 Ballistics
28:07 Thumb Ring
32:19 Imperial Age
30:43 Gold Shaft Mining
31:26 Scale Barding Armor
31:31 Forging
32:59 Chain Barding Armor
32:28 Cavalier
33:46 Iron Casting
33:33 Conscription
34:17 Chemistry
34:43 Conscription
35:03 Plate Barding Armor
35:29 Blast Furnace
Privilege
10:31 Feudal Age
11:41 Double-Bit Axe
14:09 Castle Age
17:16 Wheelbarrow
18:23 Town Watch
19:12 Stone Mining
25:26 Loom
28:03 Scale Barding Armor
32:06 Imperial Age
30:39 Gold Mining
31:11 Chain Barding Armor
31:11 Bow Saw
31:41 Forging
32:09 Husbandry
32:07 Cavalier
33:23 Plate Barding Armor
33:25 Iron Casting
33:47 Gold Shaft Mining
33:47 Chivalry
35:06 Blast Furnace
Lyrachord
10:28 Feudal Age
14:02 Castle Age
12:04 Double-Bit Axe
12:08 Horse Collar
15:12 Bow Saw
19:22 Loom
20:47 Wheelbarrow
20:19 Heavy Plow
21:19 Gold Mining
22:01 Loom
23:09 Fletching
23:49 Hand Cart
26:27 Imperial Age
23:26 Crossbowman
24:09 Padded Archer Armor
24:32 Stone Mining
25:15 Bodkin Arrow
25:12 Treadmill Crane
26:47 Gold Shaft Mining
27:22 Bracer
27:13 Arbalester
29:07 Chemistry
29:34 Ballistics
31:39 Leather Archer Armor
Hotaru猪
10:23 Feudal Age
13:13 Castle Age
11:28 Double-Bit Axe
11:32 Horse Collar
15:15 Bow Saw
18:42 Wheelbarrow
20:20 Loom
21:51 Husbandry
21:54 Gold Mining
24:04 Gold Shaft Mining
23:55 Scale Barding Armor
24:21 Bloodlines
24:23 Forging
24:27 Heavy Plow
25:16 Hand Cart
28:47 Imperial Age
26:01 Light Cavalry
27:42 Chain Barding Armor
28:26 Ballistics
30:05 Plate Barding Armor
28:55 Cavalier
29:55 Heavy Scorpion
31:46 Iron Casting
32:20 Chemistry
30:49 Capped Ram
32:08 Siege Engineers
32:36 Siege Ram
33:45 Double Crossbow
35:02 Blast Furnace
精华缘
6:09 Loom
11:12 Feudal Age
12:19 Double-Bit Axe
12:22 Horse Collar
12:31 Horse Collar
15:07 Castle Age
21:31 Husbandry
23:07 Wheelbarrow
27:17 Hand Cart
27:27 Gold Mining
27:27 Stone Mining
27:55 Heavy Plow
29:15 Bow Saw
33:09 Imperial Age
30:25 Loom
30:25 Town Watch
31:36 Bloodlines
31:33 Scale Barding Armor
32:09 Forging
32:25 Chain Barding Armor
32:17 Forging
33:11 Cavalier
34:28 Plate Barding Armor
34:17 Conscription
34:33 Guilds
35:17 Iron Casting
枪之寒赫卷残云
3:44 Double-Bit Axe
4:32 Loom
6:31 Horse Collar
10:56 Feudal Age
12:39 Bow Saw
14:37 Castle Age
13:00 Heavy Plow
15:30 Wheelbarrow
16:30 Town Watch
17:20 Gold Mining
17:32 Loom
18:58 Stone Mining
22:57 Scale Barding Armor
23:32 Husbandry
24:28 Forging
25:09 Hand Cart
26:03 Iron Casting
28:10 Two-Man Saw
27:40 Crop Rotation
28:21 Stone Shaft Mining
28:22 Gold Shaft Mining
31:05 Imperial Age
29:08 Chain Barding Armor
28:49 Padded Archer Armor
28:58 Fletching
28:50 Treadmill Crane
30:01 Burgundian Vineyards
30:42 Masonry
31:36 Ballistics
32:10 Conscription
32:55 Chemistry
32:26 Architecture
32:08 Guilds
32:43 Plate Barding Armor
33:09 Hoardings
33:55 Blast Furnace
33:10 Leather Archer Armor
34:04 Bodkin Arrow
垃圾小土兵
12:03 Feudal Age
15:40 Castle Age
13:35 Double-Bit Axe
13:54 Horse Collar
17:16 Town Watch
17:23 Town Watch
21:14 Loom
23:26 Wheelbarrow
29:02 Imperial Age
30:56 Chemistry
29:57 Arquebus
30:18 Conscription
31:10 Gold Mining
31:54 Masonry
32:51 Siege Engineers
34:39 Conscription
34:46 Heavy Plow
Connection lost

Rejoining the realm…

Still unreachable

The connection could not be restored.

Session expired

The server has moved on; the page needs a fresh start.